 Dungeon Crawl Stone Soup version 0.15-a0-1632-gd490d05 (webtiles) character file.

4050 Kenran the Black Belt (level 10, -4/56 HPs)
             Began as a Tengu Monk on June 21, 2014.
             Was an Elder of Okawaru.
             Slain by an ancient zyme (10 damage)
             ... on Level 1 of the Abyss.
             The game lasted 00:48:02 (11478 turns).

Kenran the Black Belt (Tengu Monk)                 Turns: 11478, Time: 00:48:02

HP  -4/56        AC  5     Str 11      XL: 10   Next: 24%
MP  13/13        EV 13     Int 12      God: Okawaru [****..]
Gold 540         SH  0     Dex 19      Spells:  0 memorised,  9 levels left

rFire  . . .     SeeInvis .       - Unarmed
rCold  + + .     Clarity  .     x - +2 leather armour {rC+}
rNeg   . . .     rCorr    .     (no shield)
rPois  .         rRot     .     (helmet restricted)
rElec  .         Spirit   .     (no cloak)
SustAb .         Warding  .     (no gloves)
rMut   +         Stasis   .     (boots unavailable)
Gourm  .                        s - amulet of resist mutation
MR     +....                    l - ring of protection from cold
                                e - ring of protection from magic

@: non-regenerating, mildly diseased, somewhat resistant to hostile
enchantments, unstealthy
A: able to fly, beak, talons 3
a: Fly, Heroism, Renounce Religion


You were on level 1 of the Abyss.
You worshipped Okawaru.
Okawaru was greatly pleased with you.
You were not hungry.

You visited 2 branches of the dungeon, and saw 10 of its levels.
You visited the Abyss 1 time.

You collected 540 gold pieces.

Inventory:

Armour
 f - a +2 robe of positive energy
 x - a +2 leather armour of cold resistance (worn)
Magical devices
 y - a wand of draining (8) {unknown}
Comestibles
 b - 4 bread rations
 n - 8 royal jellies
Scrolls
 j - 3 scrolls of fog
 p - a scroll of enchant armour
 r - 2 scrolls of magic mapping
 t - a scroll of blinking
 u - 3 scrolls of remove curse
 v - 6 scrolls of teleportation
 w - a scroll of fear
 A - a scroll of amnesia
 C - a scroll of identify
Jewellery
 c - an uncursed amulet of clarity
 e - a ring of protection from magic (left hand)
 l - a ring of protection from cold (right hand)
 o - an uncursed ring of positive energy
 s - an amulet of resist mutation (around neck)
Potions
 a - a potion of agility
 d - 2 potions of might {unknown}
 g - a potion of haste {unknown}
 h - a potion of brilliance {unknown}
 i - a potion of resistance {unknown}
 k - 2 potions of flight {unknown}
 m - 2 potions of curing
 q - a potion of poison {unknown}
 z - a potion of mutation {unknown}
 B - a potion of restore abilities {unknown}


   Skills:
 - Level 3.0 Fighting
 - Level 3.2 Dodging
 - Level 2.0 Stealth
 + Level 15.4 Unarmed Combat


You had 9 spell levels left.
You didn't know any spells.

Dungeon Overview and Level Annotations

Branches:
Dungeon (9/15)             Temple (1/1) D:5             Orc (0/4) D:9
   Lair: D:8-11

Altars:
Cheibriados
Dithmenos
Kikubaaqudgha
Makhleb
Nemelex Xobeh
Okawaru
Qazlal
Sif Muna
Trog
Xom
Yredelemnul
Zin
The Shining One

Shops:
D:5 (   D:8 %([   D:9 %(

Annotations:
D:4 Amnesiac's ghost, average OgFi; Sigmund
D:9 Erolcha


Innate Abilities, Weirdness & Mutations

You can fly.
You have a beak for a mouth.
You have claws for feet.


Message History

You see here a scroll of identify.
C - a scroll of identify
There are monsters nearby!
You barely miss the ancient zyme. You claw the ancient zyme.
The ancient zyme is lightly damaged.
The ancient zyme hits you! The ancient zyme misses you.
You punch the ancient zyme! You claw the ancient zyme!
You peck the ancient zyme.
The ancient zyme is heavily damaged.
The ancient zyme closely misses you. The ancient zyme hits you!
* * * LOW HITPOINT WARNING * * *
You hit the ancient zyme but do no damage.
You claw the ancient zyme.
The ancient zyme is heavily damaged.
You hit the ancient zyme but do no damage.
You claw the ancient zyme, but do no damage.
You peck the ancient zyme, but do no damage.
The ancient zyme is heavily damaged.
The ancient zyme hits you!
You die...

##. .##
#...#4..# #
.... ## #.#.#.
....# ... # #
##.....### #
.# .## #...#
.# # .
###...#.#.#..#
#..... .#.##..
#....#.##.#.#.
.#.# #x####..
. #......#@#
... .###.#####
.#. .. ## ##


You could see an ancient zyme.

Vanquished Creatures
  The ghost of TZer0 the Cutter, an experienced VSIE of Vehumet (D:6)
  A wraith (D:8)
  A hill giant zombie (D:8)
  Grum (D:9)
  A hill giant skeleton (D:8)
  A hungry ghost (D:7)
  2 wolves (D:8)
  A water moccasin (D:7)
  An ice beast (D:9)
  A sky beast (D:8)
  5 ogres
  A phantom (D:8)
  3 orc warriors
  A big kobold (D:8)
  Duvessa (D:5)
  Blork the orc (D:5)
  2 giant frogs
  6 jellies
  A scorpion (D:4)
  2 crimson imps
  A big fish (D:5)
  Dowan (D:5)
  2 orc priests (D:5)
  5 hounds
  4 iguanas
  8 orc wizards
  A two-headed ogre skeleton (D:6)
  6 worker ants
  An ogre skeleton (D:5)
  3 gnolls (D:8)
  12 adders
  A giant mite (D:1)
  2 shadow imps
  2 orc zombies
  The ghost of Mutation the Ruffian, a weakling MiMo (D:5)
  7 giant geckos
  8 oozes
  37 orcs
  6 giant cockroaches
  8 hobgoblins
  11 jackals
  11 kobolds
  3 ball pythons
  15 bats
  4 giant newts
  13 goblins
  3 quokkas
  17 rats
  4 ballistomycetes (D:7)
231 creatures vanquished.

Vanquished Creatures (others)
  2 giant spores (D:7)
2 creatures vanquished.

Grand Total: 233 creatures vanquished

Notes
Turn   | Place    | Note
--------------------------------------------------------------
     0 | D:1      | Kenran, the Tengu Monk, began the quest for the Orb.
     0 | D:1      | Reached XP level 1. HP: 14/14 MP: 1/1
     8 | D:1      | Reached XP level 2. HP: 14/19 MP: 3/3
   127 | D:1      | Reached skill level 5 in Unarmed Combat
   558 | D:1      | Reached XP level 3. HP: 23/23 MP: 4/4
  1855 | D:2      | Reached skill level 6 in Unarmed Combat
  1855 | D:2      | Reached XP level 4. HP: 21/28 MP: 5/5
  2231 | D:3      | Found a sparkling altar of Nemelex Xobeh.
  2394 | D:3      | Reached XP level 5. HP: 27/32 MP: 7/7
  2564 | D:3      | Reached skill level 7 in Unarmed Combat
  3434 | D:4      | Noticed Sigmund
  3456 | D:4      | Reached XP level 6. HP: 37/37 MP: 8/8
  3516 | D:4      | Reached skill level 8 in Unarmed Combat
  3628 | D:4      | Noticed Amnesiac's ghost (average OgFi)
  3675 | D:5      | Entered Level 5 of the Dungeon
  3720 | D:5      | Found a staircase to the Ecumenical Temple.
  3740 | Temple   | Entered the Ecumenical Temple
  3769 | Temple   | Became a worshipper of Warmaster Okawaru
  3769 | Temple   | Acquired Okawaru's first power
  4131 | D:5      | Found Brie's Antique Weapon Boutique.
  4171 | D:5      | Noticed Mutation's ghost (weakling MiMo)
  4179 | D:5      | Killed Mutation's ghost
  4375 | D:5      | Noticed Blork the orc
  4576 | D:5      | Reached skill level 9 in Unarmed Combat
  4576 | D:5      | Reached XP level 7. HP: 32/41 MP: 9/9
  4660 | D:5      | Noticed Dowan
  4682 | D:5      | Killed Dowan
  4829 | D:6      | Noticed TZer0's ghost (experienced VSIE)
  4842 | D:6      | Killed TZer0's ghost
  4842 | D:6      | Reached skill level 10 in Unarmed Combat
  5055 | D:6      | Reached XP level 8. HP: 22/46 MP: 11/11
  5838 | D:6      | Reached skill level 11 in Unarmed Combat
  6426 | D:6      | Reached skill level 12 in Unarmed Combat
  6581 | D:5      | Noticed Duvessa
  6586 | D:5      | Killed Duvessa
  7232 | D:5      | Killed Blork the orc
  7232 | D:5      | Reached XP level 9. HP: 43/50 MP: 9/12
  7336 | D:7      | Reached skill level 13 in Unarmed Combat
  8010 | D:8      | Found Wihiavea's Weapon Shop.
  8482 | D:8      | Reached skill level 14 in Unarmed Combat
  8642 | D:8      | Found Rulog's Antique Armour Emporium.
  8695 | D:8      | Found Kivviok's Food Shop.
 10134 | D:9      | Found Trynkay's Food Shop.
 10244 | D:9      | Noticed Grum
 10257 | D:9      | Killed Grum
 10257 | D:9      | Reached XP level 10. HP: 38/56 MP: 7/13
 10550 | D:9      | Reached skill level 15 in Unarmed Combat
 11214 | D:9      | Found a staircase to the Orcish Mines.
 11216 | D:9      | Found Riffaoj's Weapon Shoppe.
 11403 | D:9      | Noticed Erolcha
 11432 | D:9      | Cast into the Abyss (Erolcha)
 11478 | Abyss:1  | Slain by an ancient zyme

Action                   |  1- 3 |  4- 6 |  7- 9 | 10-12 || total
-------------------------+-------+-------+-------+-------++-------
Melee: Unarmed           |    79 |   162 |   369 |    78 ||   688
Invok: Heroism           |       |       |     2 |     3 ||     5
 Abil: Fly               |       |       |     2 |     2 ||     4
  Use: Scroll            |     3 |     8 |     6 |     1 ||    18
       Potion            |       |       |     6 |     3 ||     9
 Stab: Sleeping          |     5 |       |     2 |       ||     7
       Distracted        |       |       |     2 |       ||     2
